Map: Divergence LE

Players

fiddlermcgee

  • Race: Terran Terran
  • Spawn Location: 11:00

Subwayeatn

  • Race: Zerg Zerg
  • Spawn Location: 11:00

Benevolence

  • Race: Zerg Zerg
  • League: Diamond
  • Spawn Location: 5:00

DADDY

  • Race: Zerg Zerg
  • Spawn Location: 5:00

VOD

Have the link to the VOD?

Description

Time

  • Played on: Oct. 19, 2019, 10:45 p.m.
  • Length: 5:04
Show
View Real Time Build Order
Export as new Build Order

fiddlermcgee Terran 

Build Orders:  

Get SALT Encoding   

  12  0:01  SCV  
  13  0:18  Supply Depot  
  13  0:24  SCV  
  14  0:36  SCV  
  15  0:45  Supply Depot  
  15  0:48  SCV  
  16  0:52  Refinery  
  16  1:00  SCV  
  17  1:13  SCV  
  17  1:15  Barracks  
  18  1:25  SCV  
  19  1:37  SCV  
  20  1:49  SCV  
  22  2:01  SCV  
  22  2:04  Reaper  
  23  2:25  Refinery  
  23  2:26  Command Center  
  23  2:28  Orbital Command  
  23  2:36  Reaper  
  24  3:08  Barracks Reactor  
  24  3:41  Barracks  
  24  3:56  Marine x2  
  24  4:02  SCV  
  27  4:04  SCV  
  28  4:13  Marine  
  28  4:14  Marine, SCV  
  28  4:16  SCV  
  31  4:26  SCV  
  31  4:28  SCV  
  32  4:31  Marine x2  
  32  4:38  SCV  
  32  4:40  Marine, SCV  
  33  4:50  SCV  
Show
View Real Time Build Order
Export as new Build Order

Subwayeatn Zerg 

Build Orders: Hatch First 

Get SALT Encoding   

  12  0:01  Drone  
  13  0:13  Overlord  
  13  0:16  Drone  
  14  0:33  Drone x2  
  16  0:46  Drone  
  17  0:52  Hatchery  
  16  1:07  Spawning Pool  
  16  1:10  Drone  
  16  1:13  Extractor  
  16  1:16  Drone  
  16  1:25  Drone x2  
  18  1:38  Overlord  
  18  1:44  Drone  
  19  1:58  Queen  
  22  2:01  Drone  
  22  2:14  Baneling Nest  
  21  2:17  Drone x4  
  25  2:33  Metabolic Boost  
  25  2:38  Queen  
  25  2:41  Drone x3  
  30  2:53  Overlord  
  30  2:57  Zergling x4  
  32  3:13  Spine Crawler  
  32  3:15  Spine Crawler  
  32  3:18  Zergling x12  
  36  3:35  Zergling x8  
  40  3:46  Zergling x4  
  41  4:00  Zergling x6  
  41  4:02  Spine Crawler  
  43  4:12  Overlord x2  
  43  4:13  Spine Crawler  
  34  4:26  Zergling x10  
Show
View Real Time Build Order
Export as new Build Order

Benevolence Zerg 

Build Orders: Pool First, Ravager All-In 

Get SALT Encoding   

  12  0:01  Drone  
  13  0:12  Overlord  
  13  0:19  Drone  
  14  0:31  Drone x2  
  16  0:36  Drone  
  17  0:46  Extractor  
  17  0:47  Spawning Pool  
  17  0:49  Drone  
  16  0:56  Drone  
  17  1:06  Drone  
  18  1:17  Drone  
  19  1:30  Drone  
  20  1:38  Hatchery, Overlord  
  19  1:45  Queen  
  21  1:51  Drone  
  21  1:52  Extractor  
  21  2:02  Roach Warren  
  21  2:03  Drone  
  21  2:14  Drone  
  22  2:26  Drone  
  23  2:44  Roach x2  
  23  2:50  Roach  
  29  2:54  Queen  
  29  2:55  Overlord  
  29  2:57  Roach  
  29  2:58  Roach  
  35  3:14  Roach x2  
  35  3:15  Roach  
  41  3:25  Drone  
  41  3:26  Overlord  
  42  3:35  Overlord  
  42  3:38  Roach  
  44  3:47  Ravager x3  
  47  3:49  Roach x2  
  47  3:53  Ravager  
  47  3:54  Ravager  
  53  4:08  Roach x3  
  57  4:25  Ravager  
  57  4:28  Ravager  
  57  4:30  Roach  
Show
View Real Time Build Order
Export as new Build Order

DADDY Zerg 

Build Orders: Pool Only, Ravager All-In 

Get SALT Encoding   

  12  0:01  Drone  
  13  0:11  Drone  
  14  0:26  Spawning Pool  
  13  0:29  Drone  
  14  0:43  Overlord  
  14  0:48  Extractor x2  
  14  0:49  Drone x2  
  16  1:02  Drone  
  17  1:05  Drone  
  18  1:12  Queen  
  18  1:18  Overlord  
  20  1:30  Roach Warren  
  20  1:31  Extractor  
  20  1:32  Extractor  
  17  1:33  Drone  
  17  1:38  Drone  
  19  1:50  Queen  
  19  1:52  Overlord  
  21  2:01  Drone  
  22  2:12  Roach  
  26  2:23  Roach x3  
  30  2:34  Queen  
  30  2:36  Roach  
  34  2:42  Roach  
  36  2:45  Overlord  
  36  2:56  Drone  
  36  2:57  Drone  
  38  2:59  Overlord  
  38  3:28  Ravager  
  38  3:29  Ravager  
  38  3:33  Ravager  
  41  3:34  Overlord  
  41  3:36  Drone x3  
  44  3:53  Ravager  
  45  4:09  Roach  
  49  4:10  Roach  
  49  4:11  Overlord  
  46  4:32  Ravager  
  47  4:50  Ravager  
Tags
 
Add a new tag
Caveats
  • Supply blocks, unpowered buildings, or Contaminate may cause inaccurate times.
  • Supply counts are checked every 10 seconds.